Map: 데스오라 - 래더

Players

Stats

  • Race: Protoss Protoss
  • Spawn Location: 11:00

Namshar - Winner!

  • Race: Zerg Zerg
  • League: Master
  • Spawn Location: 5:00

Event: StayAtHomestory Cup #2

VOD

Have the link to the VOD?

Description

Time

  • Played on: June 11, 2020, 9:18 a.m.
  • Length: 20:23

All games in this series

Show
View Real Time Build Order
Export as new Build Order

Stats Protoss 

Build Orders: 1 Gate Expand, Archon Immortal, Mass Adepts 

Get SALT Encoding   

  12  0:00  Probe  
  13  0:13  Pylon  
  13  0:14  Probe  
  14  0:22  Probe  
  15  0:32  Probe  
  16  0:40  Gateway  
  16  0:44  Probe  
  16  0:48  Assimilator  
  17  0:56  Probe  
  18  1:08  Probe  
  19  1:20  Probe  
  20  1:28  Nexus  
  20  1:36  Cybernetics Core  
  20  1:38  Probe  
  21  1:45  Assimilator  
  21  1:50  Probe  
  22  1:54  Pylon  
  22  2:03  Adept, Probe  
  23  2:13  Warp Gate  
  23  2:15  Probe  
  26  2:23  Stalker  
  26  2:27  Probe  
  27  2:30  Twilight Council  
  27  2:36  Probe  
  29  2:39  Probe  
  31  2:44  Probe  
  32  2:51  Probe  
  32  2:52  Robotics Facility  
  32  2:54  Probe  
  32  2:57  Resonating Glaives  
  34  3:04  Probe, Gateway  
  35  3:09  Probe  
  36  3:19  Adept  
  38  3:23  Probe x2  
  40  3:29  Gateway  
  40  3:30  Gateway  
  40  3:34  Warp Prism  
  40  3:35  Pylon  
  40  3:46  Probe  
  40  3:47  Probe  
  44  3:53  Pylon  
  44  3:58  Probe  
  44  3:59  Probe  
  46  4:03  Adept x2  
  46  4:06  Assimilator  
  50  4:11  Observer  
  50  4:13  Probe x2  
  53  4:19  Pylon  
  53  4:21  Pylon  
  53  4:28  Adept x4  
  53  4:30  Probe  
  62  4:33  Assimilator  
  62  4:37  Probe  
  63  4:52  Adept x3  
  69  4:53  Adept  
  69  4:54  Probe x2  
  69  4:56  Pylon  
  73  5:13  Adept x2  
  77  5:15  Adept x2  
  77  5:17  Pylon  
  81  5:25  Probe x2  
  81  5:28  Forge  
  77  5:34  Adept x2  
  77  5:35  Adept x2  
  81  5:47  Protoss Ground Weapons Level 1  
  80  5:53  Immortal  
  80  5:56  Nexus  
  74  5:57  Pylon  
  72  6:07  Sentry x4  
  80  6:13  Probe x2  
  80  6:17  Shield Battery  
  82  6:19  Pylon  
  82  6:24  Immortal  
  82  6:25  Probe x2  
  84  6:28  Blink  
  84  6:37  Probe x2  
  90  6:40  Gateway  
  90  6:47  Gateway  
  90  6:49  Gateway  
  90  6:51  Probe x2  
  92  6:56  Gateway  
  92  7:07  Probe x2  
  94  7:10  Probe  
  94  7:11  Immortal  
  95  7:20  Probe x2  
  101  7:22  Probe  
  101  7:24  Templar Archives  
  101  7:25  Pylon  
  102  7:34  Protoss Ground Weapons Level 2, Stalker x4  
  110  7:37  Probe x3  
  110  7:40  Psionic Storm  
  110  7:41  Assimilator  
  110  7:43  Assimilator  
  113  7:52  Pylon  
  113  7:53  Probe x3  
  113  7:57  Immortal  
  120  8:09  High Templar  
  120  8:10  Pylon  
  120  8:11  Pylon  
  122  8:17  Photon Cannon  
  122  8:22  Charge  
  122  8:24  Photon Cannon  
  122  8:25  High Templar  
  122  8:27  High Templar  
  126  8:30  Pylon  
  126  8:31  Zealot x4  
  126  8:32  Pylon  
  134  8:38  Shield Battery  
  134  8:40  Shield Battery  
  134  8:44  High Templar  
  136  8:49  Shield Battery  
  136  8:56  Gateway  
  136  8:57  Gateway  
  136  8:59  High Templar  
  136  9:00  High Templar  
  140  9:22  Nexus  
  140  9:23  Pylon  
  140  9:24  High Templar x2  
  140  9:25  Zealot x2  
  140  9:26  Zealot x2  
  140  9:27  Pylon  
  152  9:33  Zealot x2  
  152  9:34  Archon  
  156  9:42  Probe x3  
  156  9:44  Photon Cannon  
  159  9:46  Protoss Shields Level 1, Shield Battery  
  159  9:47  High Templar x2, Zealot  
  159  9:48  Zealot  
  167  9:53  Archon  
  167  9:56  Probe x3  
  170  10:00  Zealot x6  
  182  10:11  Probe  
  182  10:12  Probe x2  
  173  10:26  Immortal  
  163  10:31  Robotics Facility  
  163  10:35  Stargate  
  163  10:38  Zealot x8  
  175  10:58  Immortal  
  169  11:07  Immortal  
  152  11:16  Probe x4  
  152  11:18  Assimilator x2  
  152  11:21  Fleet Beacon  
  152  11:25  Immortal  
  144  11:28  Dark Shrine  
  144  11:31  High Templar x2  
  144  11:32  High Templar  
  148  11:36  Nexus  
  148  11:37  Pylon  
  148  11:39  Immortal  
  152  11:46  Mothership  
  156  11:52  Oracle  
  159  11:54  Immortal  
  159  11:55  Zealot x5  
  159  11:56  Zealot  
  171  12:08  Protoss Ground Weapons Level 3  
  183  12:10  Photon Cannon  
  183  12:15  Shield Battery  
  183  12:16  Photon Cannon  
  183  12:21  Observer  
  184  12:33  Observer  
  185  12:40  Zealot x8  
  193  12:52  Archon x2  
  162  13:07  Zealot x7  
  176  13:23  Gateway  
  176  13:24  Gateway  
  176  13:26  Gateway  
  176  13:28  Cybernetics Core  
  176  13:30  Stargate  
  176  13:33  Stargate x2, Zealot x3  
  176  13:34  Zealot x4  
  190  13:36  Stargate  
  190  13:40  Photon Cannon  
  160  14:15  Zealot x7  
  169  14:22  Immortal x2  
  167  14:38  Zealot x7  
  151  14:52  Immortal  
  144  15:02  Carrier  
  111  15:26  Dark Templar  
  111  15:27  Dark Templar x2, Stalker x2  
  111  15:28  Stalker  
  98  15:40  Carrier  
  88  15:50  Carrier x2  
  92  16:04  Carrier  
  104  16:12  Pylon  
  104  16:13  Pylon  
  100  16:27  High Templar x3  
  100  16:28  High Templar x3  
  112  17:02  Nexus  
  112  17:03  High Templar x4  
  112  17:04  Zealot x2  
  124  17:08  Archon x2  
  124  17:18  Protoss Air Weapons Level 1  
  113  17:51  Zealot x6  
  125  18:03  Probe x2  
  127  18:15  Probe  
  126  18:32  Nexus  
  116  18:34  Pylon  
  116  18:38  High Templar x2  
  116  18:39  High Templar  
  110  18:58  High Templar  
  112  19:04  Pylon  
  112  19:06  Robotics Facility  
  111  19:24  Archon  
  81  19:57  Nexus  
  72  20:03  Stalker x5  
Show
View Real Time Build Order
Export as new Build Order

Namshar Zerg - Winner!

Build Orders: Hatch First, Lurkers, Roach Hydra 

Get SALT Encoding   

  12  0:00  Drone  
  13  0:12  Overlord  
  13  0:16  Drone  
  14  0:30  Drone  
  15  0:43  Hatchery  
  15  0:47  Drone  
  15  0:51  Drone  
  15  0:55  Drone  
  17  1:10  Spawning Pool  
  16  1:14  Extractor  
  16  1:16  Drone  
  16  1:20  Drone  
  16  1:24  Drone  
  18  1:31  Drone  
  19  1:42  Overlord  
  19  1:57  Queen x2  
  19  1:58  Zergling x2  
  19  1:59  Zergling x2  
  25  2:09  Drone x2  
  27  2:17  Metabolic Boost  
  27  2:20  Drone x2  
  29  2:26  Drone  
  30  2:35  Drone  
  30  2:36  Drone  
  32  2:45  Hatchery  
  32  2:49  Drone  
  32  2:51  Overlord  
  32  2:57  Queen  
  34  3:03  Drone x2  
  36  3:11  Zergling x6  
  36  3:12  Drone x2  
  41  3:16  Drone x2  
  43  3:23  Overlord  
  43  3:25  Drone  
  44  3:35  Overlord  
  44  3:40  Queen  
  45  3:41  Overlord  
  45  3:42  Drone x2  
  45  3:44  Drone x2  
  49  3:51  Drone x2  
  51  3:58  Drone  
  51  3:59  Drone x2  
  51  4:00  Roach Warren  
  53  4:03  Queen  
  53  4:05  Drone x2  
  57  4:13  Zergling x12  
  63  4:17  Zergling x2  
  63  4:18  Overlord  
  64  4:24  Zergling x4  
  64  4:28  Spore Crawler  
  64  4:31  Spore Crawler  
  64  4:32  Zergling x4  
  66  4:41  Queen  
  66  4:45  Zergling x8  
  71  4:54  Roach x5  
  71  4:57  Spine Crawler  
  79  5:01  Roach  
  78  5:07  Roach x2  
  78  5:08  Overlord x2  
  78  5:25  Roach x4  
  78  5:27  Zergling x2  
  78  5:28  Zergling x10  
  80  5:34  Zergling x8  
  80  5:44  Zergling x10  
  72  5:57  Extractor  
  72  5:58  Extractor, Drone x5  
  72  6:02  Drone  
  72  6:15  Drone x4  
  72  6:16  Drone x3  
  79  6:24  Drone x3, Lair  
  82  6:30  Drone x3  
  85  6:33  Overlord  
  85  6:36  Drone x2  
  86  6:44  Drone x6  
  92  6:52  Extractor, Drone x4  
  92  6:54  Evolution Chamber  
  94  6:57  Extractor x2  
  94  6:58  Pneumatized Carapace  
  92  7:10  Drone x11  
  92  7:13  Overlord  
  103  7:16  Overlord  
  103  7:26  Hydralisk Den  
  102  7:30  Overlord x3  
  102  7:35  Roach x5  
  102  7:36  Ravager x2  
  113  7:38  Ravager  
  113  7:41  Ravager  
  113  7:42  Ravager  
  117  7:44  Roach x2  
  117  7:46  Overlord x4  
  121  7:52  Glial Reconstitution  
  121  7:53  Zerg Missile Weapons Level 1  
  121  7:58  Hatchery  
  120  8:08  Hydralisk Den  
  119  8:27  Overlord x4, Infestation Pit  
  119  8:28  Drone  
  119  8:29  Drone x6  
  125  8:34  Drone x3  
  125  8:35  Drone x3  
  125  8:40  Grooved Spines  
  131  8:42  Lurker Den  
  131  8:46  Hydralisk x6  
  142  8:52  Queen  
  142  8:58  Extractor x2  
  140  9:03  Hydralisk x6  
  152  9:23  Drone x4  
  157  9:24  Drone x2  
  157  9:26  Hive  
  157  9:30  Hydralisk x5  
  167  9:36  Hatchery  
  166  9:44  Spine Crawler  
  165  9:47  Zerg Missile Weapons Level 2  
  165  9:50  Overseer  
  165  9:51  Muscular Augments  
  165  9:53  Hydralisk x8  
  165  9:59  Hydralisk x2  
  185  10:01  Extractor  
  185  10:03  Extractor  
  182  10:08  Overseer  
  179  10:14  Hydralisk x6  
  183  10:28  Hydralisk  
  183  10:29  Hydralisk x5  
  183  10:34  Lurker  
  196  10:40  Overseer  
  196  10:46  Overseer  
  194  10:50  Hydralisk  
  194  10:51  Zergling x8, Hatchery  
  199  10:59  Overseer  
  199  11:00  Overlord  
  165  11:13  Drone x15  
  165  11:14  Drone x5  
  169  11:20  Drone  
  160  11:33  Seismic Spines  
  160  11:35  Lurker x2  
  160  11:36  Lurker x4  
  160  11:37  Lurker  
  167  11:40  Hydralisk x2  
  167  11:44  Queen x2, Spine Crawler  
  167  11:45  Queen, Spine Crawler  
  167  11:46  Spine Crawler, Hydralisk x3  
  167  11:47  Hydralisk x3  
  174  11:51  Overseer  
  186  11:55  Lurker  
  186  11:58  Queen  
  189  12:11  Drone x3, Spine Crawler  
  189  12:12  Spine Crawler x2  
  189  12:17  Lurker x3  
  189  12:19  Lurker, Hydralisk x3  
  199  12:30  Adaptive Talons  
  199  12:31  Zerg Missile Weapons Level 3  
  199  12:32  Hydralisk  
  182  12:52  Hydralisk x9  
  182  12:55  Queen  
  182  13:03  Hydralisk x5  
  182  13:04  Zergling x28  
  184  13:19  Extractor  
  183  13:20  Lurker x3  
  183  13:21  Spine Crawler, Lurker  
  183  13:22  Extractor, Spine Crawler  
  183  13:24  Spine Crawler  
  183  13:27  Hydralisk x2  
  183  13:28  Zergling x16  
  183  13:30  Drone x3  
  183  13:31  Drone x2  
  200  13:36  Spine Crawler  
  200  13:41  Lurker  
  200  13:46  Lurker x2  
  181  14:07  Hydralisk x12  
  187  14:26  Overseer  
  164  14:39  Hydralisk x11  
  172  14:50  Hydralisk x5  
  167  14:59  Queen  
  167  15:01  Hydralisk x5  
  150  15:14  Hydralisk x4  
  147  15:23  Overseer  
  147  15:27  Hydralisk x4  
  153  15:30  Queen  
  133  15:43  Hydralisk x5  
  133  15:47  Overseer  
  135  15:52  Hydralisk x2  
  137  16:04  Overseer  
  137  16:08  Extractor  
  130  16:19  Hydralisk x3  
  130  16:23  Hatchery  
  126  16:31  Hydralisk x4  
  132  16:38  Zerg Ground Armor Level 1  
  132  16:44  Viper x2  
  132  16:45  Viper  
  132  16:46  Overseer  
  139  17:14  Overlord x6  
  139  17:17  Lurker x3  
  139  17:18  Lurker x5  
  139  17:19  Hydralisk  
  139  17:21  Drone x3  
  139  17:22  Drone  
  153  17:42  Overseer x2  
  153  17:43  Overseer  
  153  17:44  Overseer  
  148  17:49  Lurker x3  
  148  17:50  Lurker  
  152  17:55  Hydralisk x3  
  158  18:08  Hydralisk  
  158  18:09  Hydralisk x4  
  154  18:30  Hydralisk x5  
  154  18:31  Hatchery, Hydralisk x2  
  165  18:40  Hydralisk x3  
  167  18:55  Viper  
  167  18:57  Queen  
  167  18:58  Queen  
  174  19:13  Queen x2  
  178  19:27  Overseer  
  178  19:31  Hydralisk x11  
  190  19:58  Hydralisk x3  
  191  20:16  Hatchery  
Tags
 
Add a new tag
Caveats
  • Supply blocks, unpowered buildings, or Contaminate may cause inaccurate times.
  • Supply counts are checked every 10 seconds.